 Dungeon Crawl Stone Soup version 0.31-a0-1611-g890cdf5628 (webtiles) character file.

Game seed: 17393026324611079632

183257 Pooter the Severer (level 17, -5/158 HPs)
             Began as a Minotaur Berserker on Jan 8, 2024.
             Was an Elder of Trog.
             Succumbed to Aizul's poison arrow
             ... on level 1 of the Shoals on Jan 9, 2024.
             The game lasted 03:31:43 (48450 turns).

Pooter the Severer (Minotaur Berserker)            Turns: 48450, Time: 03:31:43

Health: -5/158     AC: 35    Str: 31    XL:     17   Next: 37%
Magic:  16/16      EV:  9    Int:  9    God:    Trog [****..]
Gold:   806        SH:  0    Dex: 16    Spells: 16/16 levels left

rFire   . . .        a - +2 battleaxe (heavy)
rCold   . . .        (shield currently unavailable)
rNeg    . . .        l - +8 orange crystal plate armour {Archmagi, Int+3 Clar}
rPois   .            j - +2 hood of the Assassin {Detect Stab+ Stlth++}
rElec   .            R - scarf {harm}
rCorr   .            F - +2 pair of gloves {Dex+3}
SInv    .            L - +0 pair of boots {rampage}
Will    +....        (no amulet) Stlth
                     B - ring of flight
HPRegen 0.46/turn    v - ring "Deim" {Str+6 Stlth+}
MPRegen 0.15/turn

%: harm (+30% outgoing, +20% incoming), clarity, rampage, archmagi
@: lethally poisoned (-5 -> -68), flying, studying Maces & Flails
A: horns 2, retaliatory headbutt
}: 1/15 runes: gossamer
a: Renounce Religion, Berserk, Trog's Hand, Brothers in Arms


You were on level 1 of the Shoals.
You worshipped Trog.
Trog was greatly pleased with you.
You visited 5 branches of the dungeon, and saw 27 of its levels.
You also visited: Sewer.

You collected 3812 gold pieces.
You spent 3006 gold pieces at shops.

Inventory:

Hand Weapons
 a - a +2 heavy battleaxe (weapon)
   (Trog gifted it to you on level 1 of the Spider Nest)
 b - a +6 arbalest of flaming
   (You took it off a kobold blastminer on level 1 of the Orcish Mines)
 h - a +0 battleaxe of draining
   (You found it on level 5 of the Lair of Beasts)
 p - a +1 dire flail of flaming
   (You took it off a two-headed ogre on level 7 of the Dungeon)
 T - a +0 antimagic great mace
   (You took it off a two-headed ogre on level 7 of the Dungeon)
Missiles
 k - 40 boomerangs (quivered)
 o - 10 curare-tipped darts
 H - 5 darts of dispersal {!f}
 K - 3 silver javelins
 O - 4 javelins
Armour
 j - the +2 hood of the Assassin (worn) {Detect Stab+ Stlth++}
   (You bought it in a shop on level 5 of the Dungeon)

   Detect:    It allows the wearer to sense nearby creatures.
   Stab+:     It allows the wearer to make particularly effective stabbing
   attacks against helpless or unaware enemies with any weapon.
   Stlth++:   It makes you much more stealthy.
 l - the +8 orange crystal plate armour (worn) {Archmagi, Int+3 Clar}
   (You found it on level 5 of the Lair of Beasts)

   Int+3:     It affects your intelligence (+3).
   Clar:      It protects you from confusion, rage, mesmerisation and fear.
 F - a +2 pair of gloves of dexterity (worn)
   (You found it on level 4 of the Spider Nest)
 L - a +0 pair of boots of rampaging (worn)
   (You found it on level 4 of the Spider Nest)
 R - a scarf of harm (worn)
   (You found it on level 4 of the Spider Nest)
Jewellery
 e - an amulet of reflection
   (You found it on level 3 of the Lair of Beasts)
 v - the ring "Deim" (right hand) {Str+6 Stlth+}
   (You bought it in a shop on level 2 of the Orcish Mines)

   [ring of strength]

   Str+6:     It affects your strength (+6).
   Stlth+:    It makes you more stealthy.
 A - the ring "Qukoleh" {rElec rC+ Will+ Dex+3}
   (You found it on level 2 of the Dungeon)

   [ring of protection from cold]

   Dex+3:     It affects your dexterity (+3).
   rC+:       It protects you from cold.
   rElec:     It insulates you from electricity.
   Will+:     It increases your willpower.
 B - a ring of flight (left hand)
   (You found it on level 5 of the Dungeon)
 C - a ring of resist corrosion
   (You found it on level 1 of the Lair of Beasts)
 I - a ring of protection from cold
   (You took it off a goblin on level 4 of the Dungeon)
 J - an amulet of regeneration
   (You found it on level 6 of the Dungeon)
 P - a ring of poison resistance
   (You found it on level 13 of the Dungeon)
 Y - a +6 ring of dexterity
   (You found it on level 1 of the Lair of Beasts)
Wands
 d - a wand of iceblast (19)
   (You found it on level 9 of the Dungeon)
 f - a wand of flame (43)
   (You found it on level 5 of the Dungeon)
 m - a wand of mindburst (11)
   (You found it on level 2 of the Dungeon)
 u - a wand of paralysis (21)
   (You found it on level 7 of the Dungeon)
 D - a wand of digging (2)
   (You found it on level 4 of the Lair of Beasts)
 E - a wand of polymorph (18)
   (You took it off Eustachio on level 5 of the Dungeon)
 U - a wand of light (16)
   (You found it on level 10 of the Dungeon)
Scrolls
 g - 7 scrolls of immolation {!r}
 i - 4 scrolls of identify {@r1}
 n - 6 scrolls of blinking
 q - 3 scrolls of fear
 t - 6 scrolls of teleportation {@r4}
 w - 3 scrolls of revelation
 G - 2 scrolls of poison {!r}
 X - a scroll of noise {!r}
 Z - a scroll of enchant armour
Potions
 c - 12 potions of curing {@q1}
 r - 3 potions of enlightenment
 s - 7 potions of lignification {!q}
 x - 5 potions of might
 y - 9 potions of heal wounds {@q2}
 z - 2 potions of haste {@q3}
 M - 4 potions of invisibility
 N - a potion of cancellation
 S - 4 potions of mutation {!q}
 V - 3 potions of resistance
 W - 4 potions of attraction {!q}
Miscellaneous
 Q - a box of beasts
   (You found it on level 12 of the Dungeon)


   Skills:
 + Level 16.2 Fighting
 - Level 18.3(20.0) Axes
 - Level 13.5(17.6) Maces & Flails
 - Level 18.0 Ranged Weapons
 + Level 8.2 Throwing
 + Level 10.8 Armour
 + Level 7.0 Dodging
 + Level 6.5 Stealth
 + Level 8.2 Evocations


You had 16 spell levels left.
You didn't know any spells.
Your spell library was empty.

Dungeon Overview and Level Annotations

Branches:
Dungeon (15/15) Zot: 25409  Temple (0/1) D:7            Lair (5/5) D:11 Zot: 21833
 Shoals (1/4) Lair:3 Zot: 4950  Spider (4/4) Lair:2 Zot: 6885   Slime (0/5) Lair:4
    Orc (2/2) D:10 Zot: 8575     Elf (0/3) Orc:2        Vaults (0/5) D:14
 Depths (0/4) D:15          Sewer (visited)

Altars:
Elyvilon
Hepliaklqana
Nemelex Xobeh
Qazlal
Trog
Vehumet
Yredelemnul
Zin
The Shining One
Jiyva

Shops:
D:5 ?!![   D:7 [   D:11 [   D:14 (   Orc:1 (   Orc:2 [?[=

Annotations:
Shoals:1 Aizul


Innate Abilities, Weirdness & Mutations

You have a pair of horns on your head.
You reflexively headbutt those who attack you in melee.


Message History

The poison arrow hits you!!
You are poisoned.
You feel very sick. Aizul hits you but does no damage.
You slice Aizul!!
You feel very sick.
Aizul is no longer blind.
Aizul misses you. You furiously retaliate!
You headbutt Aizul. Aizul casts a spell at you. The bolt of poison misses you.
You slice Aizul!! You headbutt Aizul.
You feel very sick. Aizul hits you! Aizul hits you but does no damage.
You are too injured to fight recklessly!
You are too injured to fight recklessly!
You are too injured to fight recklessly!
You are too injured to fight recklessly!
You slash Aizul! Your headbutt misses Aizul.
You feel very sick. Aizul hits you but does no damage.
You closely miss Aizul.
You feel sick. Aizul hits you but does no damage.
Aizul coils herself and waves her upper body at you.
The bolt of poison hits you!
You are more poisoned.
* * * LOW HITPOINT WARNING * * *
Unknown command.
You miss Aizul.
You feel extremely sick. Aizul closely misses you.
You hit Aizul.
You feel extremely sick. Aizul casts a spell at you.
The bolt of poison hits you but does no damage.
You are lethally poisoned!
Aizul barely misses you.
Unknown command.
You closely miss Aizul.
* * * LOW HITPOINT WARNING * * *
You feel extremely sick. Aizul hits you but does no damage.
You barely miss Aizul. Your headbutt misses Aizul.
* * * LOW HITPOINT WARNING * * *
You feel extremely sick. Aizul closely misses you.
Aizul coils herself and waves her upper body at you.
The poison arrow hits you!!
You are more poisoned.
* * * LOW HITPOINT WARNING * * *
You closely miss Aizul. Your headbutt misses Aizul.
You die...

#########################
≈≈≈≈≈≈≈≈≈≈≈≈≈≈≈≈≈≈≈≈≈≈≈≈≈
≈≈≈≈≈≈≈≈≈≈≈≈≈≈≈≈≈≈≈≈≈≈≈≈≈
≈≈≈≈≈≈≈≈≈≈≈≈≈≈≈≈≈≈≈≈≈≈≈≈≈
≈≈≈≈≈≈≈≈≈≈≈≈≈≈≈≈≈≈≈≈≈≈≈≈≈
≈≈≈≈≈≈≈≈≈≈≈≈≈≈≈≈≈≈≈≈≈≈≈≈≈
≈≈≈≈≈≈≈≈≈≈≈≈≈≈≈≈≈≈≈≈≈≈≈≈≈
≈~~~~~~≈≈≈≈≈≈≈≈≈≈≈≈≈≈≈≈≈≈
~~~~~~~~@≈≈≈≈≈≈~~~≈≈≈≈≈≈≈
~~..~~S~≈≈≈≈≈~~~~~≈≈≈≈≈≈
~~...~~~~≈≈≈≈~~~~~~≈≈≈≈≈
~~~..~~~~≈≈~~~~~~~~~≈≈≈≈
%~..>.~~~~~~~~...~~~~≈≈≈
~...P.~~~~~~~~.#..~~~~≈≈
~###P.~~~~~~~~....~~~~≈≈
#.~~~~~~~~~~...~~~≈≈≈
~~~~~~≈≈≈≈


You could see Aizul.

Vanquished Creatures
  Rupert (D:13)
  Agnes (Spider:1)
  Roxanne (Spider:1)
  A fire giant (D:15)
  6 emperor scorpions (Spider:4)
  2 ghost moths (Spider:4)
  An orc warlord (Orc:1)
  5 broodmothers
  6 dire elephants (Lair:5)
  A spark wasp (Spider:3)
  A fire dragon (Lair:4)
  2 entropy weavers
  A hydra (Lair:5)
  Fannar (D:12)
  An ogre mage (D:15)
  A catoblepas (Lair:5)
  Erica (Lair:2)
  15 two-headed ogres
  4 radroaches
  A jorogumo (Spider:2)
  7 centaur warriors
  A death yak (Lair:5)
  A merfolk avatar (Shoals:1)
  2 tengu warriors
  An occultist (D:15)
  7 boulder beetles
  4 demonic crawlers
  Sonja (D:10)
  Nergalle (D:10)
  9 pharaoh ants
  2 sun moths
  The ghost of Xavori the Ducker, a novice DjCK of Xom (D:7)
  Lodul (D:10)
  2 sea snakes (Shoals:1)
  A spectral anaconda (Lair:5)
  8 steelbarb worms
  10 orb spiders
  5 orc knights
  An arcanist (D:14)
  An obsidian statue (Lair:5)
  A lindwurm (Lair:3)
  5 necromancers
  3 deep elf pyromancers
  17 wolf spiders
  A phantasmal warrior (D:12)
  3 manticores
  14 ugly things
  2 orc sorcerers
  6 cyclopes
  2 fauns (Shoals:1)
  4 kobold blastminers
  3 merfolk sirens
  2 moths of wrath
  13 centaur zombies (D:14)
  17 elephants
  3 meliai (Spider:3)
  A torpor snail (Spider:3)
  A dire elephant zombie (Lair:5)
  3 black mambas
  A dire elephant skeleton (Lair:5)
  2 gargoyles
  An unseen horror (D:11)
  16 cane toads
  3 kobold demonologists
  7 rime drakes (Lair:4)
  9 komodo dragons
  3 tengu conjurers (D:15)
  Psyche (D:8)
  2 polar bears
  A merfolk (Shoals:1)
  21 tarantellas
  A wind drake (shapeshifter) (D:14)
  A blink frog (D:7)
  9 trolls
  21 dream sheep
  Grinder (D:3)
  A wind drake (Shoals:1)
  A spectral elephant (Lair:5)
  25 slime creatures
  25 jumping spiders
  Sigmund (D:3)
  4 water elementals (D:15)
  14 culicivoras
  A wraith (D:12)
  3 shadows (D:12)
  22 yaks
  2 basilisks
  5 wyverns
  2 vampires
  Grum (D:8)
  9 steam dragons
  6 wargs
  Eustachio (D:5)
  5 vampire mosquitoes
  46 redbacks
  A death yak simulacrum (Lair:5)
  A spectral cane toad (Lair:5)
  3 acid dragons
  34 orc warriors
  7 water moccasins
  An ice beast (D:8)
  A hornet zombie (D:14)
  18 ogres
  A sky beast (D:7)
  2 black bears
  An elephant zombie (Lair:5)
  2 laughing skulls (D:15)
  8 wolves
  A crocodile (D:7)
  An elephant skeleton (Lair:5)
  23 centaurs
  3 lemures (D:7)
  A phantom (D:6)
  Blork the orc (D:5)
  A bullfrog (shapeshifter) (D:15)
  14 kobold brigands
  A brain worm (Sewer)
  11 bullfrogs
  3 gnoll sergeants
  5 scorpions
  2 cane toad simulacra (Lair:5)
  9 wights
  An electric eel (Lair:3)
  2 howler monkeys
  2 bombardier beetles
  11 hounds
  2 jellies (D:5)
  2 sleepcaps
  13 orc priests
  3 gnoll boudas
  7 iguanas
  14 orc wizards
  33 gnolls
  17 adders
  2 river rats (Sewer)
  2 shadow imps
  A white imp (D:6)
  2 ufetubi (D:6)
  3 dart slugs
  4 ribbon worms
  52 orcs
  7 ball pythons
  9 endoplasms
  4 giant cockroaches
  4 goblins
  6 hobgoblins
  10 jackals
  10 quokkas
  5 bats
  4 frilled lizards
  21 kobolds
  5 rats
908 creatures vanquished.

Notes
Turn   | Place    | Note
-------+----------+-------------------------------------------
     0 | D:1      | Pooter the Minotaur Berserker began the quest for the Orb.
     0 | D:1      | Reached XP level 1. HP: 19/19 MP: 0/0
   223 | D:1      | Reached XP level 2. HP: 24/27 MP: 1/1
   921 | D:2      | Reached XP level 3. HP: 33/33 MP: 2/2
  1079 | D:2      | Reached skill level 5 in Axes
  1237 | D:2      | Identified the ring "Qukoleh" {rElec rC+ Will+ Dex+3}
  1546 | D:3      | Reached XP level 4. HP: 41/41 MP: 3/3
  1552 | D:3      | Reached ** piety under Trog
  1598 | D:3      | Reached skill level 1 in Ranged Weapons
  1633 | D:3      | Found a glowing drain.
  1651 | Sewer    | Entered a sewer
  1976 | Sewer    | Noticed a kobold brigand
  1980 | Sewer    | Noticed a kobold brigand
  1992 | Sewer    | Killed a kobold brigand
  1993 | Sewer    | Reached skill level 1 in Evocations
  1993 | Sewer    | Reached XP level 5. HP: 31/47 MP: 4/4
  2314 | Sewer    | Reached skill level 5 in Fighting
  2314 | Sewer    | Reached XP level 6. HP: 45/56 MP: 5/5
  2930 | Sewer    | Reached XP level 7. HP: 61/61 MP: 6/6
  3289 | D:3      | Noticed Grinder
  3293 | D:3      | Killed Grinder
  3294 | D:3      | Reached skill level 1 in Throwing
  3349 | D:3      | Identified the +2 ring mail "Tug Sai" {rElec Will+}
  3862 | D:3      | Reached skill level 5 in Ranged Weapons
  3924 | D:3      | Noticed Sigmund
  3931 | D:3      | Killed Sigmund
  3932 | D:3      | Reached XP level 8. HP: 70/70 MP: 7/7
  4866 | D:5      | Entered Level 5 of the Dungeon
  4945 | D:5      | Noticed Blork the orc
  4963 | D:5      | Killed Blork the orc
  5149 | D:5      | Found Wodghinisk's Distillery.
  5274 | D:5      | Bought a potion of degeneration for 14 gold pieces
  5274 | D:5      | Bought 2 potions of curing for 84 gold pieces
  5274 | D:5      | Bought a potion of heal wounds for 70 gold pieces
  5287 | D:5      | Noticed Eustachio
  5302 | D:5      | Killed Eustachio
  5357 | D:5      | Reached XP level 9. HP: 78/78 MP: 8/8
  5506 | D:5      | Found Uhifuzi's Armour Shoppe.
  5596 | D:5      | Found Imief's Distillery.
  5599 | D:5      | Bought a potion of might for 60 gold pieces
  5613 | D:5      | Found a hazy altar of Hepliaklqana.
  5693 | D:5      | Found Cutee's Magic Scroll Shoppe.
  6028 | D:6      | Reached *** piety under Trog
  6162 | D:6      | Reached skill level 10 in Axes
  6758 | D:6      | Found a stormy altar of Qazlal.
  7059 | D:7      | Noticed a two-headed ogre
  7060 | D:7      | Noticed Xavori's ghost (novice DjCK)
  7062 | D:7      | Noticed a moth of wrath
  7067 | D:7      | Found a transporter.
  7073 | D:7      | Found a bloodstained altar of Trog.
  7103 | D:7      | Found a transporter.
  7193 | D:7      | Found Dieck's Armour Emporium.
  7207 | D:7      | Noticed Pikel
  7208 | D:7      | Pikel changed into Pikel the blink frog
  7208 | D:7      | Noticed Pikel
  7221 | D:7      | Killed Pikel the blink frog
  7426 | D:7      | Noticed Maurice
  7429 | D:7      | Maurice changed into Maurice the crocodile
  7429 | D:7      | Noticed Maurice
  7434 | D:7      | Killed Maurice the crocodile
  7547 | D:7      | Reached **** piety under Trog
  7733 | D:7      | Reached XP level 10. HP: 88/88 MP: 9/9
  7805 | D:7      | Found a faded altar of an unknown god.
  7807 | D:7      | Found a staircase to the Ecumenical Temple.
  8062 | D:7      | Killed a moth of wrath
  8063 | D:7      | Reached skill level 5 in Throwing
  8073 | D:7      | Killed Xavori's ghost
  8125 | D:7      | Killed a two-headed ogre
  8126 | D:7      | Reached skill level 10 in Ranged Weapons
  8219 | D:8      | Reached skill level 1 in Maces & Flails
  8230 | D:8      | Noticed Psyche
  8256 | D:8      | Killed Psyche
  8432 | D:5      | Bought a potion of resistance for 150 gold pieces
  8432 | D:5      | Bought a potion of heal wounds for 75 gold pieces
  8747 | D:8      | Found a sparkling altar of Nemelex Xobeh.
  8774 | D:8      | Found a basalt altar of Yredelemnul.
  8839 | D:8      | Noticed Grum
  8850 | D:8      | Killed Grum
  9126 | D:9      | Reached XP level 11. HP: 97/97 MP: 10/10
  9222 | D:9      | Noticed a two-headed ogre
  9230 | D:8      | Killed a two-headed ogre
  9515 | D:9      | Reached skill level 5 in Maces & Flails
  9824 | D:10     | Entered Level 10 of the Dungeon
 10127 | D:10     | Noticed Sonja
 10191 | D:10     | Killed Sonja
 10301 | D:10     | Found a staircase to the Orcish Mines.
 10556 | D:10     | Noticed Lodul
 10561 | D:10     | Killed Lodul
 10564 | D:10     | Reached skill level 10 in Fighting
 10916 | D:10     | Noticed Nergalle
 10930 | D:10     | Killed Nergalle
 11208 | Orc:1    | Entered Level 1 of the Orcish Mines
 11750 | Orc:1    | Noticed an orc sorcerer
 11760 | Orc:1    | Killed an orc sorcerer
 11934 | Orc:2    | Entered Level 2 of the Orcish Mines
 12016 | Orc:2    | Noticed an orc knight
 12018 | Orc:2    | Noticed a centaur warrior
 12185 | Orc:1    | Killed an orc knight
 12598 | Orc:1    | Killed a centaur warrior
 12599 | Orc:1    | Reached XP level 12. HP: 107/107 MP: 11/11
 13212 | D:11     | Found a staircase to the Lair.
 13577 | D:5      | Bought the +2 hood of the Assassin {Detect Stab+ Stlth++}
                  | for 720 gold pieces
 13577 | D:5      | Found the +2 hood of the Assassin {Detect Stab+ Stlth++}
 13718 | D:11     | Found Effotrar's Armour Shoppe.
 13917 | Lair:1   | Entered Level 1 of the Lair of Beasts
 14384 | Lair:1   | Reached skill level 15 in Axes
 14885 | Lair:2   | Noticed Erica
 14898 | Lair:2   | Killed Erica
 15752 | Lair:2   | Found a hole to the Spider Nest.
 15758 | Lair:2   | Reached skill level 10 in Maces & Flails
 16728 | Lair:3   | Found a staircase to the Shoals.
 16752 | Lair:3   | You fall into a shaft and drop 1 floor!
 16983 | Lair:4   | Reached XP level 13. HP: 103/116 MP: 12/12
 17080 | Lair:4   | Noticed a fire dragon
 17094 | Lair:4   | Killed a fire dragon
 17904 | Lair:4   | Found a viscous altar of Jiyva.
 17904 | Lair:4   | Found a staircase to the Slime Pits.
 18140 | Lair:4   | Reached skill level 1 in Stealth
 18632 | Lair:5   | Entered Level 5 of the Lair of Beasts
 19601 | Lair:5   | Reached skill level 15 in Ranged Weapons
 20023 | Lair:5   | Reached XP level 14. HP: 127/127 MP: 13/13
 21058 | Lair:5   | Found the +8 orange crystal plate armour {Archmagi, Int+3
                  | Clar}
 21963 | D:12     | Upgraded the game from 0.31-a0-1603-gbec6b6ccbf to
                  | 0.31-a0-1611-g890cdf5628
 23066 | D:12     | Noticed Fannar
 23076 | D:12     | Killed Fannar
 24997 | D:13     | Identified the +0 buckler of Gibeaf {Dex+5}
 25251 | D:13     | Noticed Rupert
 25261 | D:13     | Killed Rupert
 25491 | D:13     | Identified the +4 ring mail of Distant Worlds {Int+5 Dex+3}
 25540 | D:13     | Reached skill level 5 in Armour
 25639 | D:13     | Reached XP level 15. HP: 136/136 MP: 14/14
 26439 | D:14     | Found Ajai's Weapon Emporium.
 26562 | D:14     | Found a basalt altar of Yredelemnul.
 26809 | D:14     | Found a gate to the Vaults.
 27120 | D:15     | Entered Level 15 of the Dungeon
 27323 | D:15     | Reached skill level 5 in Evocations
 27544 | D:15     | Reached ***** piety under Trog
 27844 | D:15     | Found a staircase to the Depths.
 27845 | D:15     | Noticed a fire giant
 27857 | D:15     | Killed a fire giant
 28470 | D:15     | Found a glowing golden altar of the Shining One.
 28470 | D:15     | Found a glowing silver altar of Zin.
 28471 | D:15     | Found a white marble altar of Elyvilon.
 29539 | Orc:2    | Found a radiant altar of Vehumet.
 29894 | Orc:2    | Found a staircase to the Elven Halls.
 29956 | Orc:1    | Found Viedib's Weapon Shop.
 29961 | Orc:1    | Reached XP level 16. HP: 147/147 MP: 15/15
 30172 | Orc:2    | Found Hikeh's Magic Scroll Shoppe.
 30172 | Orc:2    | Found Ihiojiwk's Armour Boutique.
 30174 | Orc:2    | Found Ziceduaw's Jewellery Shop.
 30176 | Orc:2    | Found Okhlum's Antique Armour Emporium.
 30180 | Orc:2    | Bought a scroll of acquirement for 832 gold pieces
 30180 | Orc:2    | Acquired 1113 gold pieces
 30182 | Orc:2    | Bought a scroll of revelation for 120 gold pieces
 30182 | Orc:2    | Bought a scroll of blinking for 120 gold pieces
 30182 | Orc:2    | Bought a scroll of revelation for 120 gold pieces
 30205 | Orc:2    | Bought the ring "Deim" {Str+6 Stlth+} for 641 gold pieces
 30406 | Spider:1 | Entered Level 1 of the Spider Nest
 31019 | Spider:1 | Received a gift from Trog
 31020 | Spider:1 | Reached skill level 15 in Fighting
 31025 | Spider:1 | Noticed Agnes
 31036 | Spider:1 | Killed Agnes
 31922 | Spider:1 | Noticed Roxanne
 33665 | Spider:1 | Killed Roxanne
 34481 | Spider:2 | Reached skill level 5 in Stealth
 35034 | Spider:2 | Reached skill level 5 in Dodging
 36698 | Spider:3 | Reached skill level 10 in Armour
 37570 | Spider:4 | Entered Level 4 of the Spider Nest
 37915 | Spider:4 | Reached XP level 17. HP: 107/158 MP: 16/16
 39534 | Spider:3 | Received a gift from Trog
 47250 | Spider:4 | Got a gossamer rune of Zot
 47411 | Shoals:1 | Entered Level 1 of the Shoals
 48120 | Shoals:1 | Identified the serpent talisman of the King of the Hill
                  | {rC+ Slay+5}
 48120 | Shoals:1 | Noticed Aizul
 48450 | Shoals:1 | Succumbed to Aizul's poison arrow

Illustrated notes

Levels and vault maps discovered:
D:1:      dpeg_arrival_arbitrary_c, layout_loops_ring
D:2:      layout_loops_cross, chequers_serial_rivers_micro_d,
          minmay_crystal_water
D:3:      layout_loops_cross, portal_sewer_entry_f, uniq_sigmund, uniq_grinder
D:4:      layout_basic, nrook_campfire
D:5:      layout_basic, old_standard_altar, serial_shops,
          nicolae_shop_behind_doors, shop, nicolae_diamond_shop, shop,
          uniq_eustachio, uniq_blork_the_orc
D:6:      cheibrodos_helix_gallery, layout_loops_ring, amcnicky_altar_gilded,
          serial_co_window_serial, co_window_paths_a, co_window_paths_b,
          co_window_corner_a, co_window_paths_a, co_window_paths_a,
          co_window_paths_b, co_window_corner_a, co_window_broadway_b,
          co_window_paths_c, co_window_cross_4, co_window_corner_cb,
          co_window_paths_c, co_window_4corner_a, co_window_paths_d,
          glass_columns_a, glass_columns_b, st_stairs_5
D:7:      layout_cave_pools, nicolae_temple_entry_ecumenical, serial_shops,
          shop_fountains, serial_gnoll_camp, gnoll_camp_mini_doghouse,
          gnoll_camp_mini_house, gnoll_camp_mini_loothouse,
          gnoll_camp_medium_02, gnoll_camp_mini_basic,
          gammafunk_ghost_wrathful_warriors, uniq_pikel, uniq_maurice
D:8:      layout_rooms, mainiacjoe_overflow_swirl, uniq_psyche, uniq_grum
D:9:      layout_basic
D:10:     layout_gridville, orc_0_dummy, uniq_lodul, uniq_nergalle, uniq_sonja
D:11:     layout_small_grid, lair_entry_dummy, serial_shops, shop_coins
D:12:     minmay_octagon_keep, layout_loops_corners, kennysheep_four_rooms,
          uniq_fannar
D:13:     layout_grid_maze, uniq_rupert
D:14:     layout_basic, david_vaults_1, minmay_misc_feat_plants, serial_shops,
          shop, serial_glass, glass_columns_a, glass_columns_c, glass_columns_c,
          glass_columns_a, glass_columns_a, glass_columns_c, drop_trap,
          nicolae_yredelemnul_corpse_copse
D:15:     grunt_enter_depths_giant_problem, layout_basic, good_gods_temple_1,
          grunt_ministairs_6
Lair:1:   layout_hall_layers, serial_bayou_shore_a
Lair:2:   minmay_lair_venomous_thicket, layout_hall_layers,
          nicolae_spider_entry_lesser_pyramids, uniq_erica
Lair:3:   layout_chaotic_city, elwin_shoals_entry_rooms, st_stairs_11,
          dreamdust_gnoll_shepherd
Lair:4:   layout_concentric_octagons, slime_entry_1,
          dreamdust_mushroom_princess, bobbens_dragon_lair_wall
Lair:5:   due_jungle_book, layout_regular_city, minivault_25
Shoals:1: layout_shoals, uniq_louise, uniq_aizul
Spider:1: nicolae_spider_broodchamber, uniq_agnes, uniq_roxanne
Spider:2: layout_spider_delve
Spider:3: layout_spider_delve
Spider:4: grunt_spider_rune_circles
Orc:1:    layout_caves, basic_altar, serial_shops, shop
Orc:2:    st_orc_rangers, layout_caves, basic_altar

Skill      XL: |  1  2  3  4  5  6  7  8  9 10 11 12 13 14 15 16 17 |
---------------+----------------------------------------------------+-----
Axes           | 4 5 6 8 9 11 12 14 15 17 18 | 18.3
Fighting       | 4 5 6 8 9 10 11 12 13 14 15 16 | 16.2
Ranged Weapons | 1 3 5 6 8 10 12 13 15 16 18 | 18.0
Evocations     | 1 2 3 6 7 8 |  8.2
Throwing       | 1 3 4 5 7 8 |  8.2
Maces & Flails | 3 7 10 12 13 | 13.5
Stealth        | 2 3 5 6 |  6.5
Armour         | 5 8 10 | 10.8
Dodging        | 6 7 |  7.0

Action                     |  1- 3 |  4- 6 |  7- 9 | 10-12 | 13-15 | 16-18 || total
---------------------------+-------+-------+-------+-------+-------+-------++-------
  Melee: Trident           |    80 |    72 |   118 |       |       |       ||   270
         Hand axe          |     7 |       |       |       |       |       ||     7
         Headbutt          |     8 |     9 |    35 |    54 |   196 |    68 ||   370
         Punch             |       |       |     2 |       |       |       ||     2
         Battleaxe         |       |       |   153 |   335 |   641 |   342 ||  1471
         Great mace        |       |       |       |     5 |       |       ||     5
         Dire flail        |       |       |       |       |     5 |       ||     5
   Fire: Sling             |     1 |    20 |    26 |       |       |       ||    47
         Orcbow            |       |       |    12 |    29 |       |       ||    41
         Arbalest          |       |       |       |    84 |   343 |   210 ||   637
  Throw: Boomerang         |       |     3 |     5 |     1 |     5 |    10 ||    24
         Dart              |       |       |     4 |     1 |       |       ||     5
         Javelin           |       |       |       |       |       |     4 ||     4
 Invoke: Berserk           |     1 |     1 |     7 |    18 |    15 |    10 ||    52
         Trog's Hand       |       |     3 |    10 |    21 |    25 |     4 ||    63
  Evoke: Wand              |       |    10 |     8 |     4 |     3 |    22 ||    47
    Use: Scroll            |     2 |       |     7 |    21 |     8 |     6 ||    44
         Potion            |       |     2 |       |     2 |     5 |     4 ||    13
   Stab: Sleeping          |     1 |       |       |       |     3 |       ||     4
         Distracted        |     1 |       |       |       |     1 |       ||     2
         Paralysed         |       |       |       |     2 |       |     5 ||     7
         Invisible         |       |       |       |       |       |     6 ||     6
 Armour: Animal skin       |    10 |       |       |       |       |       ||    10
         Scale mail        |    31 |    41 |    15 |       |       |       ||    87
         Ring mail         |       |       |   164 |    30 |   171 |       ||   365
         Plate armour      |       |       |    23 |   489 |       |       ||   512
         Crystal plate arm |       |       |       |       |   711 |   833 ||  1544
  Dodge: Dodged            |    40 |    31 |   131 |   213 |   292 |   215 ||   922

Table legend: (Time is in decaauts)
 A = Elapsed time spent in this place.
 B = Non-inter-level travel time spent in this place.
 C = Inter-level travel time spent in this place.
 D = Time resting spent in this place.
 E = Time spent auto-exploring this place.
 F = Levels seen in this place.
 G = Mean time per level.
                   A        B        C        D        E       F      G
               +--------+--------+--------+--------+--------+-----+--------+
         Total |  49254 |  47533 |   1721 |  25310 |  15432 |  28 | 1759.1 |
       Dungeon |  17814 |  16833 |    981 |   4840 |   9061 |  15 | 1187.6 |
          Lair |   8166 |   7807 |    359 |   3550 |   2853 |   5 | 1633.2 |
        Shoals |   1049 |   1049 |      0 |    812 |      0 |   1 | 1049.0 |
   Spider Nest |  17114 |  16829 |    285 |  13215 |   2259 |   4 | 4278.5 |
  Orcish Mines |   3424 |   3331 |     93 |   2065 |    732 |   2 | 1712.0 |
         Sewer |   1684 |   1684 |      0 |    825 |    526 |   1 | 1684.0 |
               +--------+--------+--------+--------+--------+-----+--------+

Top non-repeatable levels by time:
Spider:4: 7884 daAuts
Spider:3: 3814 daAuts
Spider:1: 3736 daAuts
  Lair:5: 3118 daAuts
    D:12: 2476 daAuts
   Orc:1: 2234 daAuts
    D:10: 1721 daAuts
    D:13: 1697 daAuts
   Sewer: 1684 daAuts
Spider:2: 1678 daAuts
  Lair:2: 1391 daAuts
    D:15: 1353 daAuts
     D:7: 1325 daAuts
  Lair:1: 1240 daAuts
  Lair:4: 1234 daAuts
